 Dungeon Crawl Stone Soup version 0.25.0-11-g1f837a76a1 (webtiles) character file.

Game seed: 3564971850107035078

925 Esekla the Ducker (level 7, -7/64 HPs)
             Began as a Deep Dwarf Chaos Knight on June 26, 2020.
             Was a Believer of Elyvilon.
             Killed by nerve-wracking pain
             ... invoked by Grinder
              (11 damage)
             ... while paralysed by Grinder
             ... on level 5 of the Dungeon.
             The game lasted 00:34:01 (4118 turns).

Esekla the Ducker (Deep Dwarf Chaos Knight)         Turns: 4118, Time: 00:34:01

Health: -7/64      AC: 10    Str: 13    XL:     7   Next: 84%
Magic:  6/7        EV:  2    Int: 18    God:    Elyvilon [**....]
Gold:   222        SH:  0    Dex: 13    Spells: 11/11 levels left

rFire    + . .     SeeInvis .   i - +0 dagger (venom)
rCold    . . .     Gourm    .   (no shield)
rNeg     . . .     Faith    .   A - +3 leather armour {rF+}
rPois    .         Spirit   .   k - +0 helmet
rElec    .         Reflect  +   (no cloak)
rCorr    .         Harm     .   t - +0 pair of gloves
MR       +....                  B - +0 pair of boots
Stlth    ++........             y - amulet of reflection
HPRegen  0.00/turn              g - ring of wizardry
MPRegen  0.10/turn              C - +6 ring of intelligence

@: paralysed, non-regenerating
A: damage resistance, heal wounds, blurry vision 1, dopey 1, sense surroundings
1, weak 1, no regeneration
a: Heal Wounds, Lesser Healing, Heal Other, Divine Protection, Renounce Religion


You were on level 5 of the Dungeon.
You worshipped Elyvilon.
Elyvilon was pleased with you.
You were near starving.

You visited 1 branch of the dungeon, and saw 6 of its levels.
You also visited: Sewer.

You collected 222 gold pieces.

Inventory:

Hand Weapons
 a - a +0 falchion of chaos
 i - a +0 dagger of venom (weapon)
 r - a +0 spear
 D - a +0 long sword
Missiles
 o - 16 poisoned darts (quivered)
 u - 6 javelins
Armour
 k - a +0 helmet (worn)
 t - a +0 pair of gloves (worn)
 A - a +3 leather armour of fire resistance (worn)
 B - a +0 pair of boots (worn)
Jewellery
 g - a ring of wizardry (left hand)
 j - an uncursed amulet of magic regeneration
 y - an amulet of reflection (around neck)
 C - a +6 ring of intelligence (right hand)
Scrolls
 b - a scroll of enchant weapon {unknown}
 e - 3 scrolls of remove curse
 f - 2 scrolls of identify
 n - a scroll of immolation {unknown}
 p - 3 scrolls of teleportation {unknown}
 q - a scroll of fear {unknown}
 s - 2 scrolls of enchant armour {unknown}
 w - a scroll of fog {unknown}
 x - 2 scrolls of random uselessness {unknown}
Potions
 d - a potion of stabbing {unknown}
 h - 3 potions of heal wounds
 l - 2 potions of flight
 m - a potion of curing
 v - a potion of brilliance {unknown}
 z - a potion of degeneration {unknown}
Comestibles
 c - 13 rations


   Skills:
 + Level 4.0 Fighting
 * Level 2.2(3.3) Short Blades
 + Level 4.1(4.5) Long Blades
 + Level 0.7 Throwing
 * Level 4.8 Armour
 * Level 4.9 Dodging
 + Level 1.7 Stealth
 * Level 2.5 Spellcasting
 + Level 1.3 Invocations


You had 11 spell levels left.
You didn't know any spells.
Your spell library was empty.

Dungeon Overview and Level Annotations

Branches:
Dungeon (6/15)              Sewer (visited)
 Temple: D:4-7

Altars:
Cheibriados
Fedhas
Qazlal
Vehumet
Xom
The Shining One

Shops:
D:5 *   D:6 ?[

Annotations:
D:5 Grinder


Innate Abilities, Weirdness & Mutations

You are resistant to damage.
You can heal yourself by infusing magical energy.
You passively map a small area around you.
You do not regenerate.
Scrolls take you a little longer to read.
You are dopey. (Int -2)
You are weak. (Str -2)


Message History

Pain shoots through your body!
* * * LOW HITPOINT WARNING * * *
Grinder says, "FISH!"
Grinder gestures at you. Pain shoots through your body!
* * * LOW HITPOINT WARNING * * *
You are healed.
You are near starving!
Grinder gestures at you. Pain shoots through your body!
* * * LOW HITPOINT WARNING * * *
The orc misses you. Grinder gestures at you.
You suddenly lose the ability to move!
You are no longer poisoned.
The orc hits you but does no damage. Grinder gestures at you.
Pain shoots through your body!
You die...
Xom is highly amused!

............# .... * ,
..........#.##....., ,
...........#.##<.... ,
.........#.......... ....
, ...#....##.#..#..#..
,.... .........##..###.##,
....,,
........###..###..###....
, ..........<.###..##...#
,
........###.##.<@.....##..
,
.........#.......o......#,
...............5##.#.....
, *
....#..#...........##....
#........................
#....####................
, ,
##....#.....<............
, .....#..................
,........................


You could see Grinder and an orc.

Vanquished Creatures
  Eustachio (D:6)
  A big kobold (Sewer)
  A bullfrog (D:4)
  A scorpion (D:6)
  A killer bee (D:5)
  A howler monkey (D:4)
  2 hounds
  An iguana (D:4)
  Terence (D:2)
  3 worker ants
  2 orc wizards (D:4)
  9 gnolls
  6 adders
  2 oozes (D:3)
  An adder zombie (D:5)
  6 worms
  6 dart slugs
  5 leopard geckos
  10 orcs
  5 giant cockroaches
  4 goblins
  8 hobgoblins
  5 jackals
  12 kobolds
  2 quokkas
  8 bats
  6 frilled lizards
  A leopard gecko skeleton (D:4)
  7 rats
118 creatures vanquished.

Notes
Turn   | Place    | Note
-------+----------+-------------------------------------------
     0 | D:1      | Esekla the Deep Dwarf Chaos Knight began the quest for the
                  | Orb.
     0 | D:1      | Reached XP level 1. HP: 20/20 MP: 1/1
    86 | D:1      | Reached XP level 2. HP: 26/28 MP: 2/2
   355 | D:1      | Reached XP level 3. HP: 23/34 MP: 3/3
   445 | D:1      | You fall into a shaft and drop 1 floor!
   466 | D:2      | Found a blossoming altar of Fedhas.
   619 | D:3      | XOM: silly message
   632 | D:3      | Reached XP level 4. HP: 39/42 MP: 5/5
   666 | D:4      | Reached skill level 1 in Spellcasting
   675 | D:4      | Found a glowing drain.
   676 | D:4      | Noticed a bullfrog
   702 | D:4      | Killed a bullfrog
   702 | D:4      | Reached XP level 5. HP: 20/49 MP: 6/6
   730 | Sewer    | Entered a sewer
   825 | Sewer    | Found a white marble altar of Elyvilon.
   838 | Sewer    | Fell from the grace of Xom
   838 | Sewer    | Became a worshipper of Elyvilon the Healer
  1088 | D:2      | Found a radiant altar of Vehumet.
  1222 | D:1      | XOM: draining
  1599 | D:2      | Reached XP level 6. HP: 23/57 MP: 7/7
  1818 | D:2      | XOM: give mutations
  1818 | D:2      | Gained mutation: You are weak. (Str -2) [Xom's mischief]
  1818 | D:2      | Gained mutation: Scrolls take you a little longer to read.
                  | [Xom's mischief]
  1818 | D:2      | Gained mutation: You are dopey. (Int -2) [Xom's mischief]
  1818 | D:2      | Gained mutation: Your body sometimes deteriorates upon
                  | taking damage. [Xom's mischief]
  2011 | D:2      | Noticed Terence
  2037 | D:2      | Killed Terence
  2101 | D:2      | XOM: give mutations
  2234 | D:3      | Reached * piety under Elyvilon
  2338 | D:3      | Reached skill level 1 in Stealth
  2436 | D:3      | XOM: summons 3 hostile demons
  2456 | D:3      | HP: 2/57 [quasit[Xom] (1)]
  2516 | D:3      | HP: 2/57 [worm (7)]
  2604 | D:3      | Found a snail-covered altar of Cheibriados.
  2639 | D:3      | You fall into a shaft and drop 3 floors!
  2639 | D:6      | XOM: noise
  2656 | D:6      | Noticed an orc warrior
  2683 | D:5      | Entered Level 5 of the Dungeon
  2683 | D:5      | Found Joacagus's General Store.
  2711 | D:5      | Noticed Grinder
  2733 | D:5      | Paralysed by Grinder for 2 turns
  2748 | D:4      | Found a stormy altar of Qazlal.
  2874 | D:4      | XOM: give mutation
  2874 | D:4      | Lost mutation: Your body sometimes deteriorates upon taking
                  | damage. [Xom's mischief]
  2938 | D:4      | Found a shimmering altar of Xom.
  3006 | D:4      | Reached XP level 7. HP: 49/63 MP: 7/7
  3039 | D:4      | Reached ** piety under Elyvilon
  3042 | D:4      | Found a glowing golden altar of the Shining One.
  3531 | D:4      | Reached skill level 1 in Short Blades
  3531 | D:4      | Reached skill level 1 in Invocations
  3676 | D:4      | XOM: summons 2 hostile demons
  3779 | D:4      | XOM: noise
  3845 | D:6      | Noticed Eustachio
  3928 | D:6      | Killed Eustachio
  3991 | D:6      | Found Quellu's Magic Scroll Boutique.
  3995 | D:6      | Found Xehyer's Armour Shoppe.
  4054 | D:6      | XOM: polymorph gnoll -> killer bee
  4094 | D:5      | XOM: enchant monster (bad)
  4115 | D:5      | Paralysed by Grinder for 5 turns
  4118 | D:5      | Killed from afar by Grinder

Illustrated notes

Levels and vault maps discovered:
D:1:      eino_arrival_tree_alley, layout_basic, chequers_avenue
D:2:      layout_basic, fedhas_altar_2, overflow_temple_1_default, first_ration,
          minmay_misc_feat_nine_boxes, kennysheep_nub, uniq_terence
D:3:      layout_rooms, kennysheep_slug_shrine
D:4:      layout_basic, tso_metal_star, xom_butterflies, grunt_qazlal_sundering,
          cheibrodos_sewer_entry_drain, serial_curves, eino_curves_02,
          eino_curves_02, minmay_ruptured
D:5:      minmay_goblin_kobold_castle, layout_cave_pools, serial_shops, shop,
          uniq_grinder, uniq_prince_ribbit1
D:6:      layout_basic, serial_shops,
          nicolae_shop_temple_entry_statues_fountains, kennysheep_little_box,
          nicolae_shop_behind_doors, shop, minivault_25,
          hangedman_decor_clover_reticule, uniq_eustachio, uniq_sigmund

Skill      XL: |  1  2  3  4  5  6  7 |
---------------+----------------------+-----
Fighting       | 3 4 |  4.0
Dodging        | 2 3 4 |  4.9
Spellcasting   | 1 2 |  2.5
Armour         | 3 4 |  4.8
Long Blades    | 4 |  4.1
Stealth        | 1 |  1.7
Short Blades   | 2 |  2.2
Invocations    | 1 |  1.3
Throwing       | |  0.7

Action                   |  1- 3 |  4- 6 |  7- 9 || total
-------------------------+-------+-------+-------++-------
Melee: Falchion          |    93 |    60 |       ||   153
       Dagger            |     5 |   223 |    91 ||   319
Throw: Dart              |       |    30 |     2 ||    32
Invok: Lesser Healing    |       |     8 |     3 ||    11
 Abil: Heal Wounds       |     1 |     4 |       ||     5
  Use: Scroll            |       |     1 |     4 ||     5
       Potion            |       |       |     1 ||     1
 Stab: Paralysed         |     1 |       |       ||     1
       Sleeping          |       |     1 |     3 ||     4
  Eat: Chunk             |       |     9 |     2 ||    11
Armor: Leather armour    |    54 |   108 |    25 ||   187
Dodge: Dodged            |    68 |   185 |    64 ||   317
Block: Other             |       |    17 |    21 ||    38
       Reflection        |       |       |     1 ||     1
       Rpst.: Falchion   |     6 |    12 |       ||    18
